AoeStats
← eLROMPECATRE

Four Lakes

509801301Analyzed
1v1 RM · 5d ago on Sep 28, 2026· 53m 37s· 2 players
Game mode
Random Map
Map size
Tiny (2 player)
Population
200
Speed
Normal
Resources
Standard
Victory
Conquest
Starting age
Dark Age
Ending age
Imperial Age
RankedLock teamsTeams togetherTeam positionsShared explorationLock speedFull tech treeHidden civsTurbo modeCheats
Victory
Defeat
🇦🇺 Celts · Australia
718
+16
🇦🇷 Dravidians · Argentina
728
-16
eLROMPECATRE
4:03 Loom
10:50 Feudal Age
11:16 Double-Bit Axe
11:12 Fishing Lines
12:20 Town Watch
13:14 Wheelbarrow
13:36 Man-at-Arms
16:50 Gold Mining
19:34 Castle Age
18:11 Stone Mining
18:49 Forging
18:39 Scale Mail Armor
19:41 Long Swordsman
20:07 Gambesons
20:44 Town Patrol
25:37 Bow Saw
28:17 Gillnets
32:04 Iron Casting
31:44 Chain Mail Armor
32:53 Stone Shaft Mining
32:54 Gold Shaft Mining
36:02 Imperial Age
34:44 Hand Cart
35:08 Horse Collar
37:11 Two-Handed Swordsman
38:25 Elite Woad Raider
39:42 Guilds
40:32 Capped Ram
45:34 Plate Mail Armor
46:04 Blast Furnace
46:17 Siege Ram
53:57 Furor Celtica
ELmasi
4:41 Loom
5:17 Loom
6:17 Loom
10:28 Feudal Age
11:11 Horse Collar
11:19 Double-Bit Axe
15:51 Wheelbarrow
19:31 Castle Age
22:09 Bow Saw
23:09 Gold Mining
23:09 Stone Mining
27:18 Medical Corps
27:37 Hand Cart
27:07 Town Watch
27:44 Gambesons
28:11 Scale Mail Armor
28:23 Forging
28:22 Man-at-Arms
28:50 Arson
29:11 Town Patrol
31:14 Long Swordsman
40:02 Imperial Age
40:36 Chain Mail Armor
40:56 Iron Casting
40:46 Husbandry
40:36 Elite Urumi Swordsman
40:45 Light Cavalry
45:20 Two-Man Saw
44:43 Scale Barding Armor
45:29 Two-Handed Swordsman
46:53 Champion
54:39 Blast Furnace
Connection lost

Rejoining the realm…

Still unreachable

The connection could not be restored.

Session expired

The server has moved on; the page needs a fresh start.